 Dungeon Crawl Stone Soup version 0.21-a0-156-g77413b7 (webtiles) character file.

27 CakeIsGreat the Conjurer (level 3, 20/20 HPs)
             Began as a Gargoyle Conjurer on Aug 4, 2017.
             Got out of the dungeon alive.
             The game lasted 00:03:44 (1475 turns).

CakeIsGreat the Conjurer (Gargoyle Conjurer)        Turns: 1475, Time: 00:03:44

Health: 20/20      AC:  6    Str: 11    XL:     3   Next: 10%
Magic:  6/6        EV: 12    Int: 16    God:
Gold:   72         SH:  0    Dex: 10    Spells: 5/6 levels left

rFire    . . .     SeeInvis .   (no weapon)
rCold    . . .     Gourm    .   (no shield)
rNeg     + . .     Faith    .   a - +0 robe
rPois    ∞         Spirit   .   (no helmet)
rElec    +         Reflect  .   (no cloak)
rCorr    .         Harm     .   i - +0 pair of gloves
MR       .....                  (no boots)
Stlth    ++........             (no amulet)
HPRegen  0.06/turn              (no ring)
MPRegen  0.10/turn              (no ring)

@: no status effects
A: negative energy resistance 1, electricity resistance, unbreathing,
petrification resistance, rot immunity, AC +3
a: no special abilities


You escaped.
You were hungry.

You visited 1 branch of the dungeon, and saw 1 of its levels.

You collected 72 gold pieces.

Inventory:

Hand Weapons
 e - a +0 mace
 h - a +0 whip
Armour
 a - a +0 robe (worn)
 i - a +0 pair of gloves (worn)
Scrolls
 d - a scroll of identify {unknown}
 g - a scroll of remove curse {unknown}
 j - 2 scrolls of enchant weapon {unknown}
Books
 b - a book of Conjurations

   Spells                             Type                      Level
   a - Magic Dart                     Conjuration                  1
   b - Searing Ray                    Conjuration                  2
   c - Dazzling Spray                 Conjuration/Hexes            3
   d - Fulminant Prism                Conjuration/Hexes            4
   e - Force Lance                    Conjuration/Translocation    4
   f - Iskenderun's Mystic Blast      Conjuration                  4
Comestibles
 c - a bread ration


   Skills:
 + Level 1.2 Fighting
 + Level 0.6 Maces & Flails
 + Level 1.2 Armour
 - Level 1.5 Dodging
 - Level 2.1 Stealth
 * Level 2.3 Spellcasting
 + Level 4.4 Conjurations


You had 5 spell levels left.
You knew the following spells:

 Your Spells              Type           Power        Failure   Level  Hunger
a - Magic Dart            Conj           ###.         3%          1    #......


Dungeon Overview and Level Annotations

Branches:
Dungeon (1/15)

Altars:


Innate Abilities, Weirdness & Mutations

You are resistant to torment.
Your stone body is resilient. (AC +3)
You are immune to poison.
You resist negative energy. (rN+)
You are resistant to electric shocks. (rElec)
You can survive without breathing.
You are immune to petrification.
You are immune to rotting.


Message History

Unknown command.
You can't go up here!
You can't go down here!
Unknown command.
You can't go down here!
Unknown command.
There are no items here.
You can't go down here!
You are feeling hungry.
You can't go up here!
Unknown command.
You enter the shallow water.
Moving in this stuff is going to be slow.
There is a staircase leading out of the dungeon here.
Are you sure you want to leave the Dungeon?
This will make you lose the game!
Uppercase [Y]es or [N]o only, please.
Are you sure you want to leave the Dungeon?
This will make you lose the game! [Y]es or [N]o only, please.
Are you sure you want to leave the Dungeon?
This will make you lose the game!
You have escaped!

###.#..#######################.##
.......####.##...# #######...#.#
.##.####...≈.###)###.#.#..####.##
.##.##....≈...........#..#####...
.##.##..≈≈≈.....≈≈≈..##....#.#.##
.##.#..≈≈≈≈...≈.≈≈≈≈....≈.##...#
.##.##.≈.≈..≈≈≈≈.≈≈≈.≈≈≈..#....#
.##.###...≈≈≈≈≈≈..≈≈≈≈≈..##.##.#
.##.####..≈≈≈≈≈.@..≈≈≈≈.##.###.##
.##....##.≈≈≈≈≈...≈≈≈≈≈≈..####...
.##...##..≈≈≈≈≈≈.≈≈≈≈≈≈..#..##.##
.##.##.###.≈.≈≈≈≈.≈≈..≈...####.#
.##.##..#....≈.≈≈≈......######.##
.##..##...≈........##≈.#.....#...
......###...##########....#).#.##
..#...##.######### ######.##.#
..#.#.########...#############.##


There were no monsters in sight!

Vanquished Creatures
  A dart slug (D:1)
  A leopard gecko (D:1)
  A giant cockroach (D:1)
  2 goblins (D:1)
  3 hobgoblins (D:1)
  2 kobolds (D:1)
  6 bats (D:1)
  2 frilled lizards (D:1)
  6 rats (D:1)
24 creatures vanquished.

Notes
Turn   | Place    | Note
-------+----------+-------------------------------------------
     0 | D:1      | CakeIsGreat the Gargoyle Conjurer began the quest for the Orb.
     0 | D:1      | Reached XP level 1. HP: 10/10 MP: 3/3
   297 | D:1      | Reached XP level 2. HP: 12/16 MP: 0/5
   458 | D:1      | Reached skill level 1 in Fighting
   675 | D:1      | Reached skill level 1 in Armour
  1044 | D:1      | Reached XP level 3. HP: 20/20 MP: 0/6
  1475 | D:$      | Got out of the dungeon alive.

Vault maps used:
D:1:      dpeg_arrival_subterranean_lakeside_camping

Skill      XL: |  1  2 |
---------------+-------+-----
Fighting       | 1 |  1.2
Armour         | 1 |  1.2
Maces & Flails | |  0.6
Dodging        | |  1.5
Stealth        | |  2.1
Spellcasting   | |  2.3
Conjurations   | |  4.4

Action                   || total
-------------------------++-------
Melee: Unarmed           ||    18
 Cast: Magic Dart        ||    53
  Eat: Chunk             ||     2
Armor: Robe              ||    16
Dodge: Dodged            ||    30
